 Dungeon Crawl Stone Soup version 0.29.1-1-gd02db6906a (webtiles) character file.

Game seed: 11826788812420467482

139283 LustLizard the Imperceptible (level 16, -10/87 HPs)
             Began as a Spriggan Arcane Marksman on Sept 23, 2022.
             Was the Champion of Dithmenos.
             Mangled by Donald
             ... wielding a +1 eveningstar of draining
              (35 damage)
             ... on level 3 of the Shoals.
             The game lasted 01:30:04 (35420 turns).

LustLizard the Imperceptible (SpAM)                Turns: 35420, Time: 01:30:05

Health: -10/87     AC: 14    Str:  8    XL:     16   Next: 73%
Magic:  24/24      EV: 24    Int: 16    God:    Dithmenos [******]
Gold:   437        SH:  0    Dex: 20    Spells: 3/17 levels left

rFire   . . .      SeeInvis +   m - +4 arbalest (venom)
rCold   . . .      Faith    .   (shield currently unavailable)
rNeg    . . .      Spirit   .   I - +3 troll leather armour
rPois   .          Reflect  .   (helmet restricted)
rElec   .          Harm     .   i - +2 cloak {Will+}
rCorr   .          Rampage  .   (gloves unavailable)
Will    ++++.                   (boots unavailable) Stlth ******++++
                                R - amulet of the acrobat
HPRegen 1.04/turn               o - ring of willpower
MPRegen 0.19/turn               T - +4 ring of protection

@: wreathed by umbra, studying Stealth, very quick
A: very small, no large weapons, unfitting armour, see invisible, speed 3
a: Renounce Religion, Shadow Step, Shadow Form


You were on level 3 of the Shoals.
You worshipped Dithmenos.
Dithmenos was exalted by your worship.
You visited 5 branches of the dungeon, and saw 26 of its levels.
You also visited: Bailey.

You collected 3471 gold pieces.
You spent 3034 gold pieces at shops.

Inventory:

Hand Weapons
 m - a +4 arbalest of venom (weapon)
Missiles
 z - 3 throwing nets
Armour
 e - a +2 robe of resistance
 f - a +2 robe of willpower
 i - a +2 cloak of willpower (worn)
 C - the +1 robe of the World {Contam rC+++ Str+3}
   (You bought it in a shop on level 13 of the Dungeon)

   Str:       It affects your strength (+3).
   rC:        It renders you almost immune to cold.
   Contam:    It causes magical contamination when unequipped.
 I - a +3 troll leather armour (worn)
Jewellery
 a - a ring of protection from fire
 h - a +4 ring of protection
 o - a ring of willpower (left hand)
 D - a ring of resist corrosion
 H - the ring of the Mage {Wiz Archmagi}
   (You took it off a goblin in a bailey)

   [ring of wizardry]

   It improves your spell success rate.
   Archmagi:  It increases the power of your magical spells.
 R - an amulet of the acrobat (around neck)
 T - a +4 ring of protection (right hand)
 V - a ring of flight
Wands
 n - a wand of charming (9)
 r - a wand of quicksilver (25)
 A - a wand of polymorph (9)
 O - a wand of flame (40)
 W - a wand of iceblast (19)
Scrolls
 g - a scroll of identify
 l - a scroll of silence
 q - 8 scrolls of teleportation
 s - 2 scrolls of enchant armour
 t - 5 scrolls of blinking
 u - 3 scrolls of amnesia
 w - 6 scrolls of butterflies
 y - 2 scrolls of summoning
 K - 6 scrolls of magic mapping
Potions
 b - 4 potions of heal wounds
 c - 4 potions of mutation
 d - 8 potions of brilliance
 j - 2 potions of ambrosia
 k - 2 potions of resistance
 p - 5 potions of might
 v - 4 potions of haste
 B - 4 potions of magic
 E - 12 potions of curing
 J - 2 potions of cancellation
 S - a potion of invisibility


   Skills:
 + Level 11.2 Fighting
 - Level 18.0 Ranged Weapons
 - Level 10.0 Dodging
 * Level 22.7 Stealth
 - Level 1.3 Spellcasting
 - Level 4.0 Hexes
 - Level 12.0 Translocations
 - Level 10.0 Invocations
 - Level 10.0 Evocations


You had 3 spell levels left.
You knew the following spells:

 Your Spells              Type           Power      Damage    Failure   Level
a - Slow                  Hex            52%        N/A       6%          1
b - Portal Projectile     Hex/Tloc       52%        N/A       3%          3
c - Dispersal             Tloc           19%        N/A       34%         6
d - Passage of Golubria   Tloc           39%        N/A       2%          4

Your spell library contained the following spells:

 Spells                   Type           Power      Damage    Failure   Level
 Apportation              Tloc           78%        N/A       1%          1
 Confusing Touch          Hex            13%        N/A       19%         3
 Tukima's Dance           Hex            13%        N/A       19%         3
 Magic Dart               Conj           4%         1d3       32%         1
 Necrotise                Necr           4%         1d4       32%         1
 Shock                    Conj/Air       4%         1d3       32%         1
 Summon Small Mammal      Summ           4%         N/A       32%         1
 Inner Flame              Hex/Fire       7%         N/A       38%         3
 Summon Guardian Golem    Hex/Summ       7%         N/A       38%         3
 Call Imp                 Summ           1%         N/A       43%         2
 Poisonous Vapours        Pois/Air       2%         N/A       43%         2
 Ignite Poison            Fire/Tmut/Pois 1%         N/A       67%         3
 Mephitic Cloud           Conj/Pois/Air  1%         N/A       67%         3
 Swiftness                Air            1%         N/A       67%         3
 Cause Fear               Hex            6%         N/A       52%         4
 Summon Forest            Summ/Tloc      10%        N/A       58%         5
 Anguish                  Hex/Necr       3%         N/A       80%         4
 Airstrike                Air            0%         2d(1-17)  97%         4
 Corpse Rot               Necr/Pois/Air  1%         N/A       97%         4
 Petrify                  Tmut/Erth      1%         N/A       97%         4
 Metabolic Englaciation   Hex/Ice        3%         N/A       98%         5
 Silence                  Hex/Air        3%         N/A       98%         5
 Summon Mana Viper        Hex/Summ       7%         N/A       98%         5
 Agony                    Necr           1%         N/A       100%        5
 Alistair's Intoxication  Tmut/Pois      0%         N/A       100%        5
 Blade Hands              Tmut           0%         N/A       100%        5
 Borgnjor's Vile Clutch   Necr/Erth      0%         N/A       100%        5
 Freezing Cloud           Conj/Ice/Air   0%         6-21      100%        5
 Irradiate                Conj/Tmut      0%         3d11      100%        5
 Eringya's Noxious Bog    Tmut/Pois      0%         N/A       100%        6
 Simulacrum               Ice/Necr       0%         N/A       100%        6
 Statue Form              Tmut/Erth      0%         N/A       100%        6
 Summon Cactus Giant      Summ           0%         N/A       100%        6
 Dragon Form              Tmut           0%         N/A       100%        7
 Enfeeble                 Hex            6%         N/A       100%        7
 Orb of Destruction       Conj           0%         9d5       100%        7
 Spellforged Servitor     Conj/Summ      0%         N/A       100%        7
 Lehudib's Crystal Spear  Conj/Erth      0%         10d2      100%        8
 Chain Lightning          Conj/Air       0%         2d1       100%        9
 Death's Door             Necr           0%         N/A       100%        9
 Fire Storm               Conj/Fire      0%         6d1       100%        9
 Polar Vortex             Ice            0%         N/A       100%        9
 Shatter                  Erth           0%         3d5*      100%        9


Dungeon Overview and Level Annotations

Branches:
Dungeon (15/15)            Temple (1/1) D:5            Lair (5/5) D:9
 Shoals (3/4) Lair:3       Spider (0/4) Lair:3        Slime (0/5) Lair:4
    Orc (2/2) D:11            Elf (0/3) Orc:2        Vaults (0/5) D:14
 Depths (0/4) D:15         Bailey (visited)

Altars:
Ashenzari
Cheibriados
Dithmenos
Elyvilon
Fedhas
Gozag
Hepliaklqana
Kikubaaqudgha
Makhleb
Nemelex Xobeh
Okawaru
Qazlal
Ru
Sif Muna
Trog
Uskayaw
Vehumet
Wu Jian
Xom
Yredelemnul
Zin
The Shining One
Jiyva

Shops:
D:5 **   D:13 ((:[(*   Orc:2 ([*=   Shoals:1 [   Shoals:2 *

Annotations:
Shoals:3 Donald


Innate Abilities, Weirdness & Mutations

You are very small and have problems with some larger weapons.
You are too small for most types of armour.
You have supernaturally acute eyesight. (SInv)
You cover ground extremely quickly. (Speed+++)


Message History

You shoot a bolt. The bolt hits Donald!!
Donald looks as sick as possible!
Donald is moderately wounded.
Your shadow shoots a bolt.
The bolt hits Donald but does no damage.
Donald casts a spell.
Donald seems to grow stronger.
You shoot a bolt.
The bolt hits Donald but does no damage.
Donald looks as sick as possible!
Donald is moderately wounded.
Your shadow shoots a bolt.
Donald reflects the bolt off his +0 kite shield of reflection!
The bolt closely misses you.
You shoot a bolt.
The bolt hits Donald but does no damage.
Donald is moderately wounded.
Your shadow shoots a bolt.
The bolt hits Donald!
Donald says, "My feet hurt."
You shoot a bolt. The bolt hits Donald.
Donald looks as sick as possible!
Donald is heavily wounded.
Your shadow shoots a bolt.
The bolt hits Donald.
Donald mumbles some strange words.
Donald seems to speed up.
You shoot a bolt.
Donald reflects the bolt off his +0 kite shield of reflection!
The bolt hits you!!
You emit a cloud of dark smoke.
You are poisoned.
You feel extremely sick.
You shoot a bolt.
Donald reflects the bolt off his +0 kite shield of reflection!
The bolt hits you!!
You emit a cloud of dark smoke.
You are lethally poisoned!
Your shadow shoots a bolt.
Donald reflects the bolt off his +0 kite shield of reflection!
The bolt closely misses you.
* * * LOW HITPOINT WARNING * * *
You feel extremely sick.
You feel better.
Donald hits you with a +1 eveningstar of draining!!
You die...

≈≈≈≈≈≈≈≈~~~~~~~~~~~~~~
≈≈≈≈≈≈≈~~~~~~~~~~~~~~~
≈≈≈≈≈~~~~~~~.~~~~....~
≈≈≈≈~~~~~~~...~~......
≈≈≈~~~~~............~.
≈≈~~~~~...###...##... #
≈≈~~....######..# ...
≈≈~~...## ##..§§###.....
~~~~...# #...§§@§......
~~~~.### #.≈≈.§§§@....#.
~~~.## #.≈≈≈§§§...###
~...# #.~~≈≈≈~~).# ..###
###.~..≈≈≈≈~~~.# ..#
#...~~~~~≈≈~~~...#
..###..~≈≈≈≈≈~~~.~......
~..#..~~≈≈≈~~~..~.....~.
..#...~~~~~


You could see Donald (fast, strong, extremely poisoned, reflecting).

Vanquished Creatures
  Rupert (Lair:5)
  5 orc warlords
  A frost giant (D:14)
  Nessos (Lair:5)
  Azrael (Orc:2)
  2 dire elephants
  Snorg (Lair:5)
  The ghost of BJBlazkowicz the Cleaver, a journeyman HOFi of Beogh (Shoals:1)
  Josephine (Orc:1)
  A merfolk impaler (Shoals:1)
  A rakshasa (D:14)
  A deep elf high priest (D:14)
  Erolcha (D:9)
  7 hydras
  2 vault guards (D:14)
  5 boulder beetles
  An ice dragon (Lair:5)
  A merfolk avatar (Shoals:2)
  Erica (D:8)
  3 catoblepae
  6 centaur warriors
  A tengu warrior (D:14)
  5 two-headed ogres
  3 death yaks (Lair:5)
  5 orc high priests
  Sonja (D:11)
  2 wizards (D:14)
  2 lindwurms (Lair:5)
  Pikel (D:4)
  5 deep elf pyromancers
  4 harpies (Shoals:1)
  4 orc sorcerers (Orc:1)
  5 orc knights
  A harpy (shapeshifter) (D:15)
  A necromancer (D:14)
  A wolf spider (D:15)
  10 ugly things
  An oklob plant (Lair:5)
  A salamander (D:15)
  12 fauns
  4 cyclopes
  11 manticores
  7 black mambas
  11 elephants
  A guardian serpent (D:14)
  Maurice (Orc:1)
  3 merfolk sirens
  2 water nymphs
  6 torpor snails
  Maggie (D:6)
  9 cane toads
  3 unseen horrors
  A gargoyle (D:12)
  An efreet (D:14)
  8 komodo dragons
  2 kobold demonologists
  4 rime drakes
  4 yaktaurs
  A freezing wraith (D:14)
  A tengu conjurer (D:14)
  A troll (shapeshifter) (D:14)
  4 polar bears
  A wolf spider simulacrum (D:12)
  3 meliai (D:13)
  11 merfolk
  9 hornets
  7 trolls
  4 tyrant leeches (Lair:5)
  Prince Ribbit (Lair:1)
  31 blink frogs
  7 slime creatures
  Grinder (D:5)
  3 dream sheep (Lair:5)
  3 snapping turtles
  5 centaur simulacra
  6 wraiths
  Sigmund (D:5)
  3 wyverns
  Eustachio (D:4)
  A vampire (D:13)
  18 humans (D:14)
  2 shadows
  46 yaks
  2 fire elementals (Orc:2)
  6 basilisks
  A steam dragon (D:9)
  6 vampire mosquitoes
  Menkaure (D:4)
  4 wargs
  Edmund (D:6)
  4 acid dragons
  6 hell hounds
  14 water moccasins
  Duvessa (D:4)
  4 ice beasts
  A meliai simulacrum (D:12)
  59 orc warriors
  2 black bears
  3 sky beasts
  11 ogres
  6 wolves (Lair:1)
  7 centaurs
  A phantom (D:4)
  5 kobold brigands
  11 bullfrogs
  2 necrophages (D:4)
  3 scorpions
  A gnoll sergeant (D:11)
  13 wights
  Dowan (D:4)
  19 killer bees
  3 electric eels
  10 howler monkeys
  33 orc priests
  2 jellies
  4 gnoll boudas
  6 hounds
  3 iguanas
  Natasha (thrice) (D:4)
  39 orc wizards
  13 adders
  21 gnolls
  A shadow imp (D:7)
  2 white imps
  4 ufetubi
  4 dart slugs
  115 orcs
  8 ball pythons
  7 bats
  2 endoplasms (D:1)
  3 giant cockroaches
  23 goblins
  12 hobgoblins
  14 jackals
  30 kobolds
  4 quokkas
  5 frilled lizards (D:3)
  6 rats
931 creatures vanquished.

Vanquished Creatures (others)
  2 orcs
  15 fungi
  41 plants
58 creatures vanquished.

Grand Total: 989 creatures vanquished

Notes
Turn   | Place    | Note
-------+----------+-------------------------------------------
     0 | D:1      | LustLizard the Spriggan Arcane Marksman began the quest for
                  | the Orb.
     0 | D:1      | Reached XP level 1. HP: 9/9 MP: 3/3
    58 | D:1      | Reached skill level 1 in Stealth
   175 | D:1      | Reached XP level 2. HP: 14/14 MP: 5/5
   184 | D:1      | Reached skill level 1 in Fighting
   350 | D:1      | Reached skill level 2 in Stealth
   690 | D:1      | Reached XP level 3. HP: 18/18 MP: 6/6
   695 | D:1      | Learned a level 3 spell: Portal Projectile
  1134 | D:2      | Reached skill level 1 in Translocations
  1323 | D:2      | Reached skill level 3 in Stealth
  1508 | D:2      | Reached XP level 4. HP: 10/22 MP: 5/7
  1760 | D:2      | Found a shimmering altar of Xom.
  1970 | D:2      | Found a faded altar of an unknown god.
  2468 | D:3      | Reached XP level 5. HP: 18/25 MP: 8/8
  3127 | D:3      | Reached skill level 4 in Stealth
  3604 | D:4      | Noticed Natasha
  3610 | D:4      | Killed Natasha
  3717 | D:4      | Noticed Natasha
  3726 | D:4      | Noticed an ogre
  3773 | D:4      | Reached XP level 6. HP: 26/30 MP: 7/9
  4443 | D:4      | Reached skill level 5 in Stealth
  4758 | D:4      | Reached XP level 7. HP: 23/35 MP: 10/10
  4970 | D:4      | Killed Natasha
  4971 | D:4      | Reached skill level 5 in Ranged Weapons
  5023 | D:4      | Found a shimmering blue altar of Sif Muna.
  5217 | D:4      | Noticed Natasha
  5237 | D:4      | Killed Natasha
  5348 | D:5      | Entered Level 5 of the Dungeon
  5356 | D:5      | Noticed Eustachio
  5493 | D:5      | Noticed Pikel
  5662 | D:4      | Reached skill level 6 in Stealth
  6349 | D:4      | Killed Pikel
  6350 | D:4      | Reached skill level 7 in Stealth
  6350 | D:4      | Reached XP level 8. HP: 42/42 MP: 11/11
  6434 | D:5      | Noticed Grinder
  6507 | D:5      | Noticed Sigmund
  6605 | D:5      | Noticed Menkaure
  6847 | D:5      | Noticed Dowan
  6854 | D:5      | Noticed Duvessa
  7115 | D:4      | Reached skill level 8 in Stealth
  7538 | D:4      | Killed Duvessa
  7562 | D:4      | Killed Dowan
  7820 | D:4      | Reached skill level 9 in Stealth
  7820 | D:4      | Reached XP level 9. HP: 32/46 MP: 12/12
  8342 | D:4      | Killed Menkaure
  8786 | D:4      | Killed Eustachio
  8787 | D:4      | Reached skill level 5 in Fighting
  9403 | D:5      | Reached skill level 10 in Stealth
  9661 | D:5      | Killed Grinder
  9807 | D:5      | Found a staircase to the Ecumenical Temple.
  9816 | Temple   | Entered the Ecumenical Temple
  9845 | Temple   | Became a worshipper of Dithmenos the Shadowed
  9993 | D:5      | Found Momiu's Specific Store.
  9995 | D:5      | Found Noeguvumuo's General Store.
  9999 | D:5      | Bought a potion of curing for 42 gold pieces
  9999 | D:5      | Bought a scroll of teleportation for 42 gold pieces
 10055 | D:5      | Killed Sigmund
 10289 | D:6      | Noticed Edmund
 10299 | D:6      | Killed Edmund
 10826 | D:6      | Reached skill level 10 in Ranged Weapons
 10930 | D:6      | Noticed Maggie
 11025 | D:6      | Killed Maggie
 11026 | D:6      | Reached skill level 11 in Stealth
 11026 | D:6      | Reached XP level 10. HP: 30/53 MP: 13/13
 11564 | D:7      | Reached * piety under Dithmenos
 11676 | D:7      | Found a flagged portal.
 11693 | Bailey   | Entered a bailey
 12687 | Bailey   | Reached ** piety under Dithmenos
 13001 | Bailey   | Reached skill level 12 in Stealth
 13158 | Bailey   | Noticed an orc warlord
 13639 | Bailey   | Got the Quarto of the Several Curses
 14155 | Bailey   | Killed an orc warlord
 14205 | D:7      | Found an ornate altar of the Wu Jian Council.
 14490 | D:7      | Identified the +1 chain mail of the Exiled Towns {*Corrode
                  | rPois rN+ Str+7}
 14526 | D:7      | Found an ancient bone altar of Kikubaaqudgha.
 14728 | D:7      | Reached skill level 13 in Stealth
 14728 | D:7      | Reached XP level 11. HP: 56/58 MP: 14/14
 15010 | D:7      | Reached XP level 12. HP: 54/63 MP: 15/15
 15035 | D:7      | Reached *** piety under Dithmenos
 15611 | D:8      | You fall into a shaft and drop 3 floors!
 15615 | D:11     | Found a staircase to the Orcish Mines.
 15631 | D:11     | Reached skill level 15 in Ranged Weapons
 15723 | D:10     | Entered Level 10 of the Dungeon
 16186 | D:8      | Reached **** piety under Dithmenos
 16513 | D:8      | Noticed Erica
 16519 | D:8      | Killed Erica
 16837 | D:9      | Reached skill level 14 in Stealth
 16897 | D:9      | Found a staircase to the Lair.
 17284 | D:9      | Identified the +5 scale mail of the Eternal Void {Harm
                  | Rampage Str-2 Stlth+}
 17300 | D:9      | Noticed Erolcha
 17327 | D:9      | Killed Erolcha
 17363 | D:9      | Reached ***** piety under Dithmenos
 17756 | D:10     | Noticed a two-headed ogre
 17759 | D:10     | Killed a two-headed ogre
 17877 | D:10     | Identified the +8 mace of Mayhem {vorpal, MP+9}
 18462 | D:11     | Noticed a two-headed ogre
 18465 | D:11     | Killed a two-headed ogre
 18513 | D:11     | Identified the +2 pair of boots "Myrodag" {rElec rPois
                  | Dex+9 Stlth-}
 18613 | D:11     | Noticed a two-headed ogre
 18618 | D:11     | Killed a two-headed ogre
 18619 | D:11     | Reached skill level 15 in Stealth
 19276 | D:11     | Reached XP level 13. HP: 69/69 MP: 16/16
 19348 | D:12     | Noticed Sonja
 19472 | Lair:1   | Entered Level 1 of the Lair of Beasts
 19486 | Lair:1   | You fall into a shaft and drop 1 floor!
 19546 | Lair:1   | Reached skill level 1 in Evocations
 19568 | Lair:1   | Noticed Prince Ribbit
 19586 | Lair:1   | Killed Prince Ribbit
 19607 | Lair:1   | Reached skill level 1 in Invocations
 20448 | Lair:2   | Reached ****** piety under Dithmenos
 20520 | Lair:2   | Reached skill level 5 in Evocations
 21016 | Lair:3   | Reached skill level 16 in Stealth
 21053 | Lair:3   | Found a hole to the Spider Nest.
 21082 | Lair:3   | Reached skill level 5 in Dodging
 21101 | Lair:3   | Found a staircase to the Shoals.
 21536 | Lair:3   | Identified a scroll of acquirement
 22028 | Lair:4   | Reached skill level 5 in Invocations
 22236 | Lair:4   | Reached XP level 14. HP: 75/75 MP: 18/18
 22350 | Lair:4   | Found a viscous altar of Jiyva.
 22350 | Lair:4   | Found a staircase to the Slime Pits.
 22775 | Lair:5   | Entered Level 5 of the Lair of Beasts
 23129 | Lair:5   | Found a runed translucent door.
 23544 | Lair:5   | HP: 3/75 [ice dragon/blast of cold (42)]
 24368 | Lair:5   | Noticed Snorg
 24373 | Lair:5   | Killed Snorg
 24900 | Lair:5   | Noticed Rupert
 24930 | Lair:5   | Killed Rupert
 25044 | Lair:5   | Noticed Nessos
 25059 | Lair:5   | Killed Nessos
 25060 | Lair:5   | Reached skill level 17 in Stealth
 25784 | Orc:1    | Entered Level 1 of the Orcish Mines
 25929 | Orc:1    | Noticed an orc warlord
 26031 | Orc:1    | Killed an orc warlord
 26107 | Orc:2    | Entered Level 2 of the Orcish Mines
 26107 | Orc:2    | Noticed Josephine
 26107 | Orc:2    | Noticed an orc warlord
 26117 | Orc:2    | Found a staircase to the Elven Halls.
 26210 | Orc:1    | Reached XP level 15. HP: 76/77 MP: 21/21
 26277 | Orc:1    | Reached skill level 10 in Evocations
 26380 | Orc:1    | Killed an orc warlord
 26524 | Orc:1    | Killed Josephine
 26948 | Orc:2    | Noticed Azrael
 26998 | Orc:2    | Noticed Maurice
 26999 | Orc:2    | Noticed an orc warlord
 27267 | Orc:1    | Killed an orc warlord
 27826 | Orc:2    | Killed Azrael
 28061 | Orc:2    | Noticed an orc warlord
 28106 | Orc:2    | Killed an orc warlord
 28107 | Orc:2    | Reached skill level 10 in Fighting
 28206 | Orc:2    | Found Teyxteut's Antique Armour Boutique.
 28207 | Orc:2    | Found Japsir's Antique Weapon Boutique.
 28209 | Orc:2    | Found Iryit's General Store.
 28209 | Orc:2    | Found Ufaplo's Jewellery Shop.
 28526 | Orc:1    | Killed Maurice
 28630 | Orc:2    | Bought a scroll of enchant weapon for 90 gold pieces
 28630 | Orc:2    | Bought a scroll of enchant armour for 90 gold pieces
 28630 | Orc:2    | Bought a potion of mutation for 96 gold pieces
 28824 | D:5      | Bought a +2 cloak of willpower for 301 gold pieces
 28829 | D:5      | Acquired the Textbook on Dimensional Spellbinding
 28838 | D:5      | Learned a level 6 spell: Dispersal
 29060 | D:12     | Reached skill level 18 in Stealth
 29080 | D:11     | Killed Sonja
 29476 | D:12     | Reached skill level 5 in Translocations
 29942 | D:13     | Found Iginokoq's Antique Weapon Shoppe.
 30010 | D:13     | Found Soufriur's Antique Armour Boutique.
 30025 | D:13     | Bought a heavily jewelled robe for 142 gold pieces
 30025 | D:13     | Identified the +1 robe of the World {Contam rC+++ Str+3}
                  | (You bought it in a shop on level 13 of the Dungeon)
 30049 | D:13     | Found Yqiet's Weapon Shoppe.
 30172 | D:13     | Found Kimol's Book Emporium.
 30180 | D:13     | Bought a book of the Moon for 520 gold pieces
 30185 | D:13     | Learned a level 4 spell: Passage of Golubria
 30279 | D:13     | Found Nivaoxt's Assorted Antiques.
 30282 | D:13     | Bought a scroll of acquirement for 1508 gold pieces
 30282 | D:13     | Acquired a manual of Stealth
 30284 | D:13     | Bought a scroll of identify for 58 gold pieces
 30506 | D:13     | Found Zudu's Weapon Emporium.
 30615 | D:13     | Reached skill level 10 in Invocations
 30916 | D:14     | Reached skill level 19 in Stealth
 31035 | D:14     | Found a gate to the Vaults.
 31096 | D:14     | Reached XP level 16. HP: 43/85 MP: 24/24
 31795 | D:14     | Reached skill level 10 in Dodging
 32098 | D:14     | Reached skill level 20 in Stealth
 32606 | D:14     | Reached skill level 10 in Translocations
 32878 | D:15     | Entered Level 15 of the Dungeon
 33005 | D:15     | Found a staircase to the Depths.
 33050 | D:15     | Identified the +2 leather armour of the True Pharaoh {rN+}
 33603 | D:15     | Found a basalt altar of Yredelemnul.
 33720 | D:13     | Bought a potion of heal wounds for 145 gold pieces
 33929 | Shoals:1 | Entered Level 1 of the Shoals
 33991 | Shoals:1 | Reached skill level 21 in Stealth
 34029 | Shoals:1 | Found Muptica's Antique Armour Emporium.
 34048 | Shoals:1 | Identified the +6 lajatang "Hydrabane" {vorpal, Fly rC+
                  | Int+4}
 34100 | Shoals:1 | Found a runed translucent door.
 34105 | Shoals:1 | Noticed BJBlazkowicz's ghost (journeyman HOFi)
 34178 | Shoals:1 | You fall into a shaft and drop 1 floor!
 34178 | Shoals:2 | Found Ewnal's Assorted Antiques.
 34602 | Shoals:1 | Killed BJBlazkowicz's ghost
 34700 | Shoals:2 | Reached skill level 22 in Stealth
 35413 | Shoals:3 | Noticed Donald
 35420 | Shoals:3 | Mangled by Donald

Illustrated notes

Levels and vault maps discovered:
D:1:      pf_arrival_petrified_forest, layout_basic
D:2:      layout_loops_ring, basic_altar, basic_ecumenical_altar
D:3:      minmay_thinvault, layout_loops_ring, chequers_big_river
D:4:      layout_loops_ring, led_sif_book, serial_glass, glass_columns_b,
          glass_columns_a, uniq_natasha
D:5:      layout_cave_pools, minmay_temple_entry_offerings,
          nicolae_specific_store, kennysheep_generic_room_14, uniq_eustachio,
          uniq_menkaure, uniq_duvessa, uniq_pikel, uniq_sigmund, uniq_grinder
D:6:      layout_basic, corexii_item_surrounded_by_moat, kennysheep_doodads,
          uniq_edmund, uniq_maggie
D:7:      layout_rooms, mainiacjoe_overflow_catwalk_spiral, enter_bailey_3,
          nzn_random_ring
D:8:      layout_rooms, mrwooster_statue_mirror, uniq_erica
D:9:      layout_stronghold, lair_entry_dummy, uniq_erolcha
D:10:     layout_stronghold
D:11:     wad_pebble_path, layout_irregular_city, minmay_orc_entry_temple_small
D:12:     layout_gridville, serial_ice, serial_ice_k, serial_ice_b,
          serial_ice_c, serial_ice_h, serial_ice_g, serial_ice_n,
          portal_ice_cave_entry_pillars_2, lemuel_flamethrower_3, uniq_sonja
D:13:     layout_gridville, serial_shops, shop_fountains, shop,
          nicolae_shop_waterfront, shop, nicolae_shop_bloodbath_and_beyond,
          nicolae_stop_n_shop_1, st_stairs_14
D:14:     nicolae_hexawheel, layout_loops_corners, grunt_vaults_entry_tiered,
          fake_guardian_serpent_vault
D:15:     hangedman_depths_entry_try_elsewhere_first, layout_basic,
          yredelemnul_altar_generic, special_room [special_room_orc]
Temple:   hellmonk_temple_of_storms
Lair:1:   layout_misc_corridors, grunt_megastairs_4, uniq_prince_ribbit2
Lair:2:   layout_cave_shapes, grunt_megastairs_2
Lair:3:   layout_long_grid, elwin_shoals_entry_rocks, dummy_spider_entry,
          nicolae_quartered_pool_super, grunt_megastairs_5,
          infiniplex_staircase_pool_2, lemuel_fruit_fields
Lair:4:   layout_layer_cave, dpeg_slime_entry_enclosed, beast_lair_carwin_8,
          grunt_megastairs_1, lemuel_fruit_tree
Lair:5:   wormcave, layout_gridlike, hangedman_lair_in_review,
          bh_autumn_forest_stairs, uniq_snorg, uniq_rupert, uniq_nessos
Shoals:1: layout_shoals, ebering_ghost_reflecting_pool, serial_shops, shop
Shoals:2: layout_shoals, serial_shops, nicolae_shop_window_shopping
Shoals:3: layout_shoals, serial_nicolae_subway, nicolae_sub_station_stone,
          nicolae_sub_station_crystal, nicolae_sub_station_metal, uniq_donald
Orc:1:    layout_caves, mines2_lemuel
Orc:2:    st_orc_congregation, layout_caves, basic_altar, uniq_josephine,
          uniq_maurice, uniq_azrael

Skill      XL: |  1  2  3  4  5  6  7  8  9 10 11 12 13 14 15 16 |
---------------+-------------------------------------------------+-----
Stealth        | 1 2 3 4 5 7 9 11 13 15 16 17 19 22 | 22.7
Fighting       | 1 2 3 4 5 6 7 8 9 10 11 | 11.2
Hexes          | 4 |  4.0
Translocations | 1 2 3 4 7 12 | 12.0
Ranged Weapons | 3 4 6 8 10 11 14 16 17 18 | 18.0
Evocations     | 6 9 10 | 10.0
Dodging        | 5 7 9 10 | 10.0
Invocations    | 5 7 10 | 10.0
Spellcasting   | |  1.3

Action                   |  1- 3 |  4- 6 |  7- 9 | 10-12 | 13-15 | 16-18 || total
-------------------------+-------+-------+-------+-------+-------+-------++-------
 Fire: Sling             |   139 |   242 |   501 |   578 |       |       ||  1460
       Shortbow          |       |       |       |    84 |       |       ||    84
       Arbalest          |       |       |       |   311 |  1376 |   401 ||  2088
 Cast: Slow              |     2 |     4 |       |     1 |       |       ||     7
       Portal Projectile |       |       |       |       |     1 |     1 ||     2
  Use: Scroll            |       |     4 |     2 |    10 |    19 |     5 ||    40
       Potion            |       |       |     1 |     2 |     5 |     1 ||     9
Armor: Robe              |    12 |    14 |    31 |    14 |       |       ||    71
       Troll leather arm |       |       |       |     5 |    88 |    18 ||   111
Dodge: Dodged            |    67 |    84 |   196 |   259 |   695 |   138 ||  1439
